 Dungeon Crawl Stone Soup version 0.22-b1-21-g5cfc168 (webtiles) character file.

340 goulibeur the Distorting Demonspawn (level 6, -1/48 HPs)
             Began as a Demonspawn Abyssal Knight on Aug 3, 2018.
             Was a Believer of Lugonu.
             Slain by Menkaure (21 damage)
             ... on level 4 of the Dungeon.
             The game lasted 00:09:41 (3457 turns).

goulibeur the Distorting Demonspawn (DsAK)          Turns: 3457, Time: 00:09:41

Health: -1/48      AC:  9    Str: 12    XL:     6   Next: 30%
Magic:  10/10      EV:  6    Int: 14    God:    Lugonu [**....]
Gold:   190        SH:  0    Dex: 14    Spells: 5/5 levels left

rFire    . . .     SeeInvis .   f - +2 whip (venom)
rCold    . . .     Gourm    .   (no shield)
rNeg     . . .     Faith    .   d - +0 chain mail
rPois    .         Spirit   .   (no helmet)
rElec    .         Reflect  .   (no cloak)
rCorr    .         Harm     .   (no gloves)
MR       .....                  (no boots)
Stlth    ..........             (no amulet)
HPRegen  0.16/turn              (no ring)
MPRegen  0.12/turn              (no ring)

@: no status effects
A: talons 2, powered by death 2
a: Depart the Abyss, Bend Space, Renounce Religion


You were on level 4 of the Dungeon.
You worshipped Lugonu.
Lugonu was pleased with you.
You were not hungry.

You visited 1 branch of the dungeon, and saw 4 of its levels.
You visited the Abyss 1 time.

You collected 190 gold pieces.

Inventory:

Hand Weapons
 a - a +1 short sword
 f - a +2 whip of venom (weapon)
Armour
 b - a +0 leather armour
 d - a +0 chain mail (worn)
Jewellery
 j - an uncursed amulet of the gourmand {unknown}
 r - an uncursed amulet of magic regeneration
Scrolls
 g - 4 scrolls of remove curse
 p - a scroll of teleportation {unknown}
Potions
 e - a potion of curing {unknown}
 h - 3 potions of haste {unknown}
 i - a potion of heal wounds {unknown}
 k - 2 potions of lignification {unknown}
 m - a potion of flight {unknown}
 n - a potion of brilliance {unknown}
 q - a potion of degeneration {unknown}
Comestibles
 c - 7 rations
 l - 4 chunks of flesh


   Skills:
 + Level 4.1 Fighting
 - Level 1.7 Short Blades
 + Level 3.0 Armour
 + Level 2.6 Dodging
 * Level 5.8 Invocations


You had 5 spell levels left.
You didn't know any spells.
Your spell library was empty.

Dungeon Overview and Level Annotations

Branches:
Dungeon (4/15)
 Temple: D:4-7

Altars:

Annotations:
D:4 Grinder, Menkaure


Innate Abilities, Weirdness & Mutations

You have razor-sharp toenails.
You regenerate health from kills.


Message History

Things that are here:
a whip; a scale mail; an orc corpse You butcher the orc corpse.
l - 4 chunks of flesh (gained 2)
Things that are here:
a whip; a scale mail
m - a dark potion Menkaure gestures at you while chanting.
Pain shoots through your body! Menkaure hits you.
You hit Menkaure.
Menkaure is lightly damaged.
Menkaure completely misses you.
You hit Menkaure but do no damage.
Menkaure is lightly damaged.
Menkaure hits you!!
You hit Menkaure.
Menkaure is moderately damaged.
Menkaure hits you!!
You die...

#....)....##
#....)<....#
#..........#
####...###.# #...#
#.# #####...#
#.######
#......####.......
#.###### #...<....
#@# #.#...... #M#
#.###.. ## #.# #. .
####.##.########M#.
.................?.
#.#....%# ##
...###.#<....#
..........##.#
...###.#..###..


You could see Menkaure.

Vanquished Creatures
  A black bear (D:3)
  An ogre (D:3)
  An orc priest (D:2)
  An orc wizard (D:3)
  A worker ant (D:4)
  An adder (D:3)
  An ooze (D:1)
  3 worms (D:2)
  A leopard gecko (D:2)
  12 orcs
  A giant cockroach (D:1)
  5 goblins
  7 hobgoblins
  A quokka (D:2)
  6 bats
  4 frilled lizards
  4 kobolds
  8 rats
59 creatures vanquished.

Notes
Turn   | Place    | Note
-------+----------+-------------------------------------------
     0 | Abyss:1  | goulibeur the Demonspawn Abyssal Knight began the quest for the Orb.
     0 | Abyss:1  | Reached XP level 1. HP: 18/18 MP: 2/2
    24 | Abyss:1  | Noticed a large abomination
    24 | D:1      | Escaped the Abyss
   214 | D:1      | Reached skill level 1 in Dodging
   265 | D:1      | Gained mutation: You have sharp toenails. [demonic ancestry]
   265 | D:1      | Reached XP level 2. HP: 19/24 MP: 4/4
   271 | D:1      | Reached skill level 3 in Invocations
   367 | D:1      | Reached * piety under Lugonu
   704 | D:1      | Gained mutation: You regenerate a little health from kills. [demonic ancestry]
   704 | D:1      | Reached XP level 3. HP: 24/29 MP: 5/5
  1558 | D:2      | Reached skill level 4 in Invocations
  1558 | D:2      | Reached XP level 4. HP: 18/35 MP: 5/7
  2538 | D:3      | Reached ** piety under Lugonu
  2544 | D:3      | Found a faded altar of an unknown god.
  2606 | D:3      | Noticed a black bear
  2617 | D:3      | Killed a black bear
  2617 | D:3      | Reached skill level 5 in Invocations
  2617 | D:3      | Gained mutation: You have razor-sharp toenails. [demonic ancestry]
  2617 | D:3      | Reached XP level 5. HP: 26/42 MP: 8/8
  3026 | D:4      | Noticed Grinder
  3026 | D:4      | Noticed an ogre
  3026 | D:4      | Paralysed by Grinder for 2 turns
  3028 | D:4      | Noticed Menkaure
  3038 | D:3      | Killed an ogre
  3038 | D:3      | Gained mutation: You regenerate health from kills. [demonic ancestry]
  3038 | D:3      | Reached XP level 6. HP: 48/48 MP: 8/10
  3057 | D:4      | Paralysed by Grinder for 5 turns
  3457 | D:4      | Slain by Menkaure

Skill      XL: |  1  2  3  4  5 |
---------------+----------------+-----
Dodging        | 1 2 |  2.6
Armour         | 2 3 |  3.0
Invocations    | 3 4 5 |  5.8
Fighting       | 4 |  4.1
Short Blades   | |  1.7

Action                   |  1- 3 |  4- 6 || total
-------------------------+-------+-------++-------
Melee: Short sword       |    97 |     8 ||   105
       Kick              |    16 |    23 ||    39
       Whip              |       |    76 ||    76
Invok: Depart the Abyss  |     1 |       ||     1
  Use: Scroll            |     1 |     2 ||     3
  Eat: Chunk             |     2 |     6 ||     8
Armor: Chain mail        |    62 |    46 ||   108
Dodge: Dodged            |    20 |    26 ||    46
